[Event "MČR juniorů a juniorek v rapid šachu 2024"]
[Site "Hotel Fit Fun, Harrachov, Czech Republic"]
[Date "2024.09.22"]
[Round "8.5"]
[White "Hozda Max"]
[Black "Pejrimovska Viola Ruby"]
[Result "1-0"]
[TimeControl "20+5"]
[WhiteFideId "23725958"]
[BlackFideId "23709529"]
[WhiteElo "1939"]
[BlackElo "1876"]

1. d4 Nf6 2. c4 g6 3.
Nf3 Bg7 4. g3 b6 5. Bg2 Bb7 6. O-O O-O 7. b3 d6 8. Bb2 Nfd7 9. Nc3 e5 10. e3 Nc6 11. a3 f5 12. dxe5 dxe5 13. b4 e4 14. Nd4 Nxd4 15. exd4 Qf6 16.
Qb3 Kh8 17. Rad1 Rae8 18. Ne2 g5 19. f4 exf3 20. Bxf3 Bxf3 21. Qxf3 f4 22. gxf4 gxf4 23. Nxf4 Bh6 24. Bc1 Qf5 25. Qd5 Qg4+ 26. Ng2 Nf6 27. Qf3 Qg6 28. Bxh6 Qxh6 29. Rde1 Rd8 30. Re6 Rd6 31. Rxd6 cxd6 32. Qf4 Qg7 33. Qxd6 Rg8 34.
Qxf6 Qxf6 35. Rxf6 Rg4 36. Rf4 Rg6 37. Kf2 Re6 38. d5 Rd6 39. Ne3 Kg8 40. c5 bxc5 41. bxc5 Ra6 42. a4 1-0



[ePGN "0.1;DGT LiveChess/2.2.6"]

[Event "MČR juniorů a juniorek v rapid šachu 2024"]
[Site "Hotel Fit Fun, Harrachov, Czech Republic"]
[Date "2024.09.22"]
[Round "8.6"]
[White "Sadil Antonin"]
[Black "Jun Rudolf"]
[Result "0-1"]
[TimeControl "20+5"]
[WhiteFideId "23735597"]
[BlackFideId "376612"]
[WhiteElo "1784"]
[BlackElo "2142"]

1. e4 c5 2. Nc3 Nc6 3. g3 g6 4.
Bg2 Bg7 5. d3 d6 6. Be3 a6 7.
Qd2 e6 8. Nd1 h6 9. Ne2 Nge7 10. O-O Qc7 11. c3 b5 12. d4 cxd4 13. Nxd4 Bb7 14. f4 O-O 15. f5 exf5 16. exf5 Nxd4 17.
Bxd4 Nxf5 18. Bxg7 Kxg7 19. Bxb7 Qxb7 20. Rxf5 gxf5 21. Qd4+ f6 22. Qf4 Qe4 23. Qxd6 Qe5 24. Qd7+ Rf7 25.
Qc6 Qe4 26. Qc5 Rd8 27. Ne3 Kh7 28. Rf1 Qe5 29. Rxf5 Qxc5 30. Rxc5 Rd2 31. Rc6 Re7 32. Nf1 Rxb2 33. Rxa6 Kg6 34.
a4 Re1 35. Rb6 Rbb1 36. axb5 Rxf1+ 37. Kg2 Rfc1 38. Kh3 Rxc3 39. Kh4 Rc5 40. g4 Rb3 41. h3 Rcc3 0-1



[ePGN "0.1;DGT LiveChess/2.2.6"]

[Event "MČR juniorů a juniorek v rapid šachu 2024"]
[Site "Hotel Fit Fun, Harrachov, Czech Republic"]
[Date "2024.09.22"]
[Round "8.7"]
[White "Pressler Tobias"]
[Black "Sichrovsky Tomas"]
[Result "0-1"]
[TimeControl "20+5"]
[WhiteFideId "23715359"]
[BlackFideId "23704730"]
[WhiteElo "1992"]
[BlackElo "1928"]

1. e4 c6 2. d4 d5 3. e5 Bf5 4. h4 h5 5. Bd3 Bxd3 6. Qxd3 Qa5+ 7. Nd2 Qa6 8. Qf3 e6 9. Ne2 Nh6 10. Qxh5 c5 11. c3 Nc6 12. Qf3 Nf5 13. Nb3 Nxh4 14.
Rxh4 Rxh4 15. g3 Rh8 16. Bg5 cxd4 17.
cxd4 Nb4 18. Kf1 Rc8 19.
a3 Nd3 20. Rb1 Rc2 21. Nd2 Rh2 22. Be3 Nxf2 23. Kg1 Ne4 24. Rf1 f6 25. Kxh2 Nxd2 26. Qh5+ Kd7 27. Bxd2 Rxd2 28. Rf2 Qd3 29. exf6 gxf6 30. Rg2 Rxb2 31. a4 b6 32. Qf7+ Be7 33. Qh5 Qd1 34. Qf3 Qxa4 35. Kh3 Qc2 36. Kh2 Qd2 37. Qg4 Qh6+ 38.
Kg1 a5 39. Nf4 f5 40. Qd1 Rxg2+ 41. Kxg2 Bd6 42. Qa4+ Ke7 43. Ne2 Qe3 44. Qc2 Qe4+ 0-1



[ePGN "0.1;DGT LiveChess/2.2.6"]

[Event "MČR juniorů a juniorek v rapid šachu 2024"]
[Site "Hotel Fit Fun, Harrachov, Czech Republic"]
[Date "2024.09.22"]
[Round "8.8"]
[White "Rousek Jan"]
[Black "Nagyova Daniela"]
[Result "1-0"]
[TimeControl "20+5"]
[WhiteFideId "386669"]
[BlackFideId "390070"]
[WhiteElo "1958"]
[BlackElo "1787"]

1. d4 Nf6 2. c4 e6 3. g3 d5 4. Bg2 Be7 5. Nf3 O-O 6. O-O b6 7. Nc3 Bb7 8. Ne5 c5 9. cxd5 exd5 10.
dxc5 bxc5 11. Qb3 Qc7 12. Nxd5 Nxd5 13. Bxd5 Bxd5 14. Qxd5 Na6 15. Bf4 Nb4 16. Qc4 Bd6 17. Nd3 Nxd3 18.
Bxd6 Qxd6 19. Qxd3 Qxd3 20. exd3 Rfd8 21. Rfd1 Rd5 22. Rac1 Rad8 23. Rc3 Kf8 24. Kf1 h5 25. h4 f6 26.
Ke2 Re8+ 27. Kd2 Rde5 28. Kc2 g5 29. Ra3 R8e7 30. Ra6 Kg7 31. Ra4 Rf5 32. Rd2 Kg6 33. Kc3 Rd7 34. Re4 Rfd5 35.
Rc4 Kf5 36. a3 Kg6 37. b4 cxb4+ 38. axb4 a5 39. d4 axb4+ 40. Rxb4 gxh4 41. gxh4 Kf5 42. Rb6 Rc7+ 43. Kd3 Rcd7 44.
Ke3 Rg7 45. f3 Rg3 46. Rc2 Rh3 47. Rcc6 Rxh4 48. Rxf6+ Kg5 49. Rg6+ Kf5 50. Rbf6# 1-0



[ePGN "0.1;DGT LiveChess/2.2.6"]

[Event "MČR juniorů a juniorek v rapid šachu 2024"]
[Site "Hotel Fit Fun, Harrachov, Czech Republic"]
[Date "2024.09.22"]
[Round "8.9"]
[White "Garabik Marek"]
[Black "Andrle Filip"]
[Result "1-0"]
[TimeControl "20+5"]
[WhiteFideId "23717742"]
[BlackFideId "23718749"]
[WhiteElo "1933"]
[BlackElo "1789"]

1. e4 c5 2. Nc3 Nc6 3. f4 e6 4. Nf3 d6 5. Bb5 Bd7 6. d3 a6 7. Bxc6 Bxc6 8. O-O g6 9. h3 Ne7 10.
Be3 Bg7 11. Rb1 O-O 12. Bf2 b5 13. Qd2 Qd7 14. g4 f5 15. Bg3 b4 16. Nd1 fxe4 17. dxe4 Bxe4 18. Ng5 Bd5 19. Ne3 h6 20.
Nxd5 exd5 21. Nf3 d4 22. Nh4 Rf6 23. Rbe1 Nd5 24. Qg2 Qf7 25. f5 g5 26. Ng6 Ra7 27. Bf2 Ne7 28. Nxe7+ Rxe7 29.
Rxe7 Qxe7 30. Re1 Qf7 31. Bg3 d5 32. Qe2 Rc6 33. h4 c4 34.
hxg5 hxg5 35. Kg2 Bf6 36. Be5 Bxe5 37. Qxe5 d3 38. Rh1 Rf6 39. cxd3 cxd3 40. Qd4 Kg7 41. Qxd3 Qe7 42. Rh5 Rd6 43. Qd4+ Qf6 44. Rxg5+ Kf7 45.
Qxf6+ Rxf6 46. Rh5 Rc6 47.
Kg3 Rc2 48. Rh2 Rc1 49. Kf4 d4 50.
Ke4 Rg1 51. Kxd4 Rxg4+ 52. Kc5 Kf6 53. Rf2 b3 54. axb3 Rg8 55. Kb6 Rb8+ 56. Kxa6 Rxb3 57. Ka5 Rb8 58. b4 Ra8+ 59. Kb5 Rb8+ 60. Ka4 Ra8+ 61. Kb3 Rb8 62. Rf1 Rb7 63. Kc4 Rc7+ 64. Kb5 Rb7+ 65. Kc5 Rb8 66. b5 Rc8+ 67. Kb6 Rb8+ 68. Kc6 Ke5 69. f6 Kd4 70. f7 Rc8+ 71. Kb7 1-0



[ePGN "0.1;DGT LiveChess/2.2.6"]

[Event "MČR juniorů a juniorek v rapid šachu 2024"]
[Site "Hotel Fit Fun, Harrachov, Czech Republic"]
[Date "2024.09.22"]
[Round "9.1"]
[White "Rybackova Lucie"]
[Black "Skypala Ondrej"]
[Result "0-1"]
[TimeControl "20+5"]
[WhiteFideId "23739207"]
[BlackFideId "366285"]
[WhiteElo "1933"]
[BlackElo "2033"]

1. d4 Nf6 2. Nf3 e6 3. g3 b5 4.
Bg2 Bb7 5. O-O c5 6. a4 b4 7. c4 cxd4 8. Nxd4 Bxg2 9. Kxg2 Qc7 10. b3 Bc5 11. Bb2 O-O 12. Nd2 a6 13. N2f3 d6 14.
Qc2 Nbd7 15. e4 Qb7 16. Rfe1 Rac8 17. Qe2 Rfe8 18. Kg1 h6 19. Rad1 d5 20. e5 Ne4 21. Nd2 Nc3 22. Bxc3 bxc3 23.
N2f3 dxc4 24. bxc4 Nb6 25. Rb1 Qc7 26. a5 Bxd4 27. axb6 Bxb6 28. Rec1 Ba5 29. Qa2 Rb8 30. Ra1 Bb4 31.
Qxa6 Rec8 32. c5 Bxc5 33. Qe2 Rb2 34.
Rc2 Rcb8 35. Rac1 Qb6 36. Ne1 Rxc2 37. Rxc2 Qb3 38. Nd3 Bd4 39. h4 Qd5 40. Rc1 Ra8 41. Kh2 Ra2 42. Rc2 Ra1 43.
Rc1 Rxc1 44. Nxc1 Bxe5 45. Nd3 Bf6 46. Nb4 Qd2 47. Qf3 Bd4 48.
Qa8+ Kh7 49. Qe4+ f5 50.
Qc2 Bxf2 0-1



[ePGN "0.1;DGT LiveChess/2.2.6"]

[Event "MČR juniorů a juniorek v rapid šachu 2024"]
[Site "Hotel Fit Fun, Harrachov, Czech Republic"]
[Date "2024.09.22"]
[Round "9.10"]
[White "Stocek Martin"]
[Black "Bartak Josef"]
[Result "1-0"]
[TimeControl "20+5"]
[WhiteFideId "380121"]
[BlackFideId "23712252"]
[WhiteElo "2021"]
[BlackElo "1902"]

1. d4 d5 2. c4 c6 3. Nf3 Nf6 4. Qb3 g6 5. cxd5 cxd5 6. Nc3 Bg7 7. Bg5 e6 8. e3 O-O 9. Bd3 Nc6 10.
O-O a6 11. Ne5 h6 12. Bh4 Qa5 13. Nxc6 bxc6 14. Na4 Nd7 15. Be7 Re8 16. Bb4 Qc7 17. f4 a5 18. Bc5 Ba6 19. Bxa6 Rxa6 20.
Rac1 Nxc5 21. Nxc5 Rb6 22. Qa3 Rb5 23. b3 f6 24. Nd3 e5 25. fxe5 fxe5 26. dxe5 Bxe5 27. Nxe5 Qxe5 28. Rxc6 Qxe3+ 29. Kh1 Qf2 30. Qc1 Qe3 31. Rxg6+ Kh7 32. Qc6 Rc5 33. Rf7+ Kh8 34. Rxh6+ Kg8 35. Qg6# 1-0



[ePGN "0.1;DGT LiveChess/2.2.6"]

[Event "MČR juniorů a juniorek v rapid šachu 2024"]
[Site "Hotel Fit Fun, Harrachov, Czech Republic"]
[Date "2024.09.22"]
[Round "9.11"]
[White "Pejrimovska Viola Ruby"]
[Black "Stejskal Michal"]
[Result "1-0"]
[TimeControl "20+5"]
[WhiteFideId "23709529"]
[BlackFideId "398195"]
[WhiteElo "1876"]
[BlackElo "1926"]

1. e4 e5 2. Nf3 Nc6 3. Nc3 Bb4 4. Nd5 Bc5 5. Bc4 d6 6. O-O Nge7 7. d4 exd4 8. Bg5 Bg4 9. h3 Bh5 10.
g4 Bg6 11. b4 Bxb4 12. Nxd4 Bxe4 13. Nxc6 bxc6 14. Bxe7 Qd7 15. Nxb4 Qxe7 16. f3 d5 17. Bd3 Qxb4 18. fxe4 dxe4 19.
Qe2 Qd4+ 20. Kh1 e3 21. Rae1 O-O 22. Qxe3 Qd6 23. Qf4 Qd8 24. Bc4 Qh4 25. Qe3 h6 26. Rf5 g6 27. Rf3 Rad8 28.
Qe4 Kg7 29. Qe5+ Kh7 30. Bxf7 Rd7 31. Qe6 Rd6 32. Bxg6+ Kg7 33. Rf7+ 1-0



[ePGN "0.1;DGT LiveChess/2.2.6"]

[Event "MČR juniorů a juniorek v rapid šachu 2024"]
[Site "Hotel Fit Fun, Harrachov, Czech Republic"]
[Date "2024.09.22"]
[Round "9.12"]
[White "Nagyova Daniela"]
[Black "Pressler Tobias"]
[Result "0-1"]
[TimeControl "20+5"]
[WhiteFideId "390070"]
[BlackFideId "23715359"]
[WhiteElo "1787"]
[BlackElo "1992"]

1. e4 c5 2. Nf3 Nc6 3. Nc3 g6 4. d4 cxd4 5. Nxd4 Bg7 6. Be3 Nf6 7. Bc4 Qa5 8. O-O O-O 9. Bb3 d6 10.
h3 Bd7 11. Qd2 Nxd4 12. Qxd4 Ng4 13. Qd2 Nxe3 14. Qxe3 Bxc3 15. bxc3 Rac8 16. c4 Be6 17. Rab1 Rc5 18. f4 b6 19.
f5 Bxc4 20. fxg6 hxg6 21. Rf4 Bxb3 22. axb3 Rxc2 23. Rbf1 Qc5 24. Qxc5 dxc5 25. h4 Rc3 26. h5 g5 27. Rf5 f6 28.
e5 Kg7 29. Rd1 Kh6 30. Rd7 Kxh5 31. Rxa7 Rxb3 32. Rxe7 Kg6 33. Rf1 b5 34. Re6 Re3 35. Rb6 Rxe5 36. Rxb5 Rfe8 37. g3 c4 38.
Rb6 R8e6 39. Rbb1 c3 40. Rbc1 Rc5 41. Rf3 Rec6 42. Rc2 f5 43. Kf2 Kf6 44. Re3 Rc4 45. Kf3 g4+ 46. Kg2 Kg5 47.
Rd3 f4 48. Rd5+ Kf6 49. gxf4 Rxf4 50. Kg3 Rfc4 51. Rd3 Ke5 52. Re2+ Re4 53. Rc2 Rec4 54. Re2+ Kf5 55. Rc2 Ke4 56. Rd1 Rd4 57. Re1+ Kd3 58.
Rec1 Re4 59. Rf2 c2 60. Rg2 Re2 61. Rgg1 Kd2 62. Kf4 Rce6 63. Kg3 Re1 0-1



[ePGN "0.1;DGT LiveChess/2.2.6"]

[Event "MČR juniorů a juniorek v rapid šachu 2024"]
[Site "Hotel Fit Fun, Harrachov, Czech Republic"]
[Date "2024.09.22"]
[Round "9.13"]
[White "Andrle Filip"]
[Black "Siles Jan"]
[Result "1/2-1/2"]
[TimeControl "20+5"]
[WhiteFideId "23718749"]
[BlackFideId "23715405"]
[WhiteElo "1789"]
[BlackElo "1873"]

1. e4 d5 2. exd5 Qxd5 3.
Nc3 Qd6 4. d4 c6 5. Nf3 Bg4 6. Be2 Nf6 7. h3 Bh5 8.
g3 e6 9.
Bf4 Qb4 10. a3 Qa5 11. O-O Be7 12. Ne5 Bxe2 13. Qxe2 Nbd7 14. Rfe1 Nxe5 15. Bxe5 O-O 16. Ne4 Qd8 17. Qf3 Nxe4 18.
Qxe4 Bf6 19. Re3 Bxe5 20. dxe5 Qb6 21. Rb3 Qc7 22. Rd1 Rad8 23. Rbd3 Rd5 24. Rxd5 cxd5 25. Qe2 Rc8 26. c3 h6 1/2-1/2



[ePGN "0.1;DGT LiveChess/2.2.6"]

[Event "MČR juniorů a juniorek v rapid šachu 2024"]
[Site "Hotel Fit Fun, Harrachov, Czech Republic"]
[Date "2024.09.22"]
[Round "9.14"]
[White "Hosova Sandra"]
[Black "Housa Vojtech"]
[Result "1-0"]
[TimeControl "20+5"]
[WhiteFideId "397717"]
[BlackFideId "23736364"]
[WhiteElo "1847"]
[BlackElo "1691"]

1. d4 Nf6 2. Nf3 g6 3. Bf4 Bg7 4. Nc3 O-O 5. Qd2 d6 6. e4 Nfd7 7. Be2 e5 8. dxe5 Nxe5 9. O-O Nbc6 10.
Rad1 Be6 11. Nxe5 Nxe5 12. Bh6 Re8 13. Bxg7 Kxg7 14. f4 Nc6 15. f5 Bd7 16. f6+ Kh8 17. Nd5 Rxe4 18. Bd3 Re6 19. Bxg6 fxg6 20. f7 Qf8 21. Nxc7 Rd8 22. Nxe6 Bxe6 23.
Qf4 Kg7 24. Qf6+ Kh6 25. Rf4 1-0



[ePGN "0.1;DGT LiveChess/2.2.6"]

[Event "MČR juniorů a juniorek v rapid šachu 2024"]
[Site "Hotel Fit Fun, Harrachov, Czech Republic"]
[Date "2024.09.22"]
[Round "9.15"]
[White "Mrazek Adam"]
[Black "Sadil Antonin"]
[Result "1/2-1/2"]
[TimeControl "20+5"]
[WhiteFideId "23725010"]
[BlackFideId "23735597"]
[WhiteElo "1830"]
[BlackElo "1784"]

1. c4 Nf6 2. g3 d5 3.
Bg2 c6 4. Nf3 g6 5. b3 Bg7 6. Bb2 O-O 7. O-O dxc4 8. bxc4 Re8 9. d3 Bg4 10. Nbd2 Nbd7 11. Rb1 Qc7 12. h3 Bxf3 13. Bxf3 Rad8 14.
a4 b6 15. Qc2 Nc5 16. Bc3 e5 17. Bb4 Ne6 18. Rfc1 Nd4 19. Qa2 Nxf3+ 20. Nxf3 e4 21. dxe4 Nxe4 22. Kg2 c5 23. Be1 Qc6 24. Rd1 Nc3 25.
Bxc3 Bxc3 26. Qc2 Bg7 27. Rxd8 Rxd8 28. Rd1 Rxd1 29. Qxd1 Qe4 30. Qd8+ Bf8 31. Qd3 Qc6 32. Qd1 a6 33. Kg1 Bd6 34. Qb3 Bc7 35. Qd1 b5 36.
axb5 axb5 37. cxb5 Qxb5 38. Qc2 Qb4 39. Nd2 Qb5 40. Qc4 Qxc4 41. Nxc4 f5 42. Kf1 Kf7 43. Ke1 Ke6 44. Kd2 Kd5 45. Kd3 Bd8 46. Ne3+ Ke5 47. Kc4 Be7 48. Nd5 Bf8 49. Nc3 Kd6 50. Na4 Kc6 51.
Nb2 Bg7 52. Nd3 Bf8 53. Ne5+ Kd6 54.
Nf7+ Ke7 55. Ng5 h6 56. Nf3 Ke6 57. Nd2 Kd6 58. Nb3 Kc6 59. Nc1 Bg7 60. Nd3 g5 61. Nxc5 f4 62. gxf4 gxf4 63.
Ne4 Be5 64. Nd2 Bc7 65. Ne4 Be5 66. Nd2 Bc7 67. Nb3 Bb6 68. Nd4+ Kd6 69. f3 Ke5 70. Nc6+ Kf5 71. Kd5 Be3 72. Ne7 Kg5 73. Ke4 Kh4 74. Nf5 Kxh3 75. Nxh6 Kg2 76. Ng4 Bc1 77. Kd3 Kf1 78. Ne5 Kf2 79. Nc4 Kf1 80. Na5 Kf2 81.
Nb3 Be3 82. Na1 Kf1 83. Nc2 Bc1 84. Nd4 Kf2 85. Nf5 Kf1 86.
Nh4 Kf2 87. Ng6 Kg3 88. Ke4 Bd2 89. Ne7 Bc1 90. Nf5+ Kf2 91. Kd3 Kf1 92. Ne7 Kf2 93. Nd5 Kg3 94. e3 fxe3 95. Nxe3 Kxf3 96. Kc2 Bxe3 1/2-1/2



[ePGN "0.1;DGT LiveChess/2.2.6"]

[Event "MČR juniorů a juniorek v rapid šachu 2024"]
[Site "Hotel Fit Fun, Harrachov, Czech Republic"]
[Date "2024.09.22"]
[Round "9.16"]
[White "Bezdek Tomas"]
[Black "Nespurek Jakub"]
[Result "1-0"]
[TimeControl "20+5"]
[WhiteFideId "23733551"]
[BlackFideId "391816"]
[WhiteElo "1973"]
[BlackElo "1817"]

1. h3 g6 2. d4 Bg7 3. e4 d6 4. Nf3 Nd7 5. c4 c5 6. Be3 cxd4 7. Nxd4 Ngf6 8. Nc3 O-O 9. Be2 Nc5 10. f3 Nh5 11. O-O Ng3 12. Re1 Nxe2+ 13. Qxe2 Ne6 14. Nxe6 Bxe6 15. Nd5 Bxd5 16. exd5 Qd7 17. Rac1 b6 18. b3 e5 19.
dxe6 fxe6 20. Rcd1 Bc3 21. Bd2 Bd4+ 22. Kh1 e5 23. Qe4 Rac8 24. Qd5+ Rf7 25. Bb4 Kg7 26. Re4 Rxf3 27. Rexd4 Rxh3+ 28. Kg1 exd4 29. Qxd4+ Kg8 30.
Qd5+ Kg7 31. Bxd6 Qg4 32. Qe5+ Kh6 33. Qf4+ Qxf4 34. Bxf4+ Kh5 35. gxh3 Rf8 36. Bg3 Rf3 37. Kg2 Rc3 38. Rd2 g5 39. Bb8 a6 40. Ba7 b5 41. c5 g4 42. hxg4+ Kxg4 43. Rd4+ Kf5 44. Bb6 Ke5 45. Rh4 Rc2+ 46. Kg3 a5 47. Rxh7 Rxa2 48. c6 Kd6 49. c7 Rc2 50. Bxa5 Rc1 51. Rh8 Kd7 52. Rd8+ 1-0



[ePGN "0.1;DGT LiveChess/2.2.6"]

[Event "MČR juniorů a juniorek v rapid šachu 2024"]
[Site "Hotel Fit Fun, Harrachov, Czech Republic"]
[Date "2024.09.22"]
[Round "9.17"]
[White "Stastna Martina"]
[Black "Zadrapova Amalie"]
[Result "1-0"]
[TimeControl "20+5"]
[WhiteFideId "385123"]
[BlackFideId "23710276"]
[WhiteElo "1801"]
[BlackElo "1891"]

1. e4 c5 2. Nf3 d6 3. Bb5+ Nd7 4.
c3 Ngf6 5. d3 g6 6. O-O Bg7 7. e5 dxe5 8. Nxe5 O-O 9. Nxd7 Nxd7 10. Be3 Qc7 11. d4 cxd4 12. Bxd4 e5 13. Be3 Nc5 14.
Nd2 a6 15. Be2 Rd8 16. Qc1 Be6 17. Rd1 f5 18. Bxc5 Qxc5 19. Nf1 e4 20. Qe3 Qc7 21. f3 Bd5 22. fxe4 Bxe4 23. Bf3 Re8 24.
Qf2 Bf8 25. Kh1 Bc5 26. Qe2 b5 27. Bxe4 Rxe4 28. Qf3 Rae8 29. Nd2 Re2 30. Qd5+ Kh8 31. Nb3 Bf8 32. Nd4 R2e5 33. Qf3 Bd6 34.
Qc6 Qb8 35. Nf3 R5e6 36. Ng5 R6e7 37. h3 Bf4 38. Nf3 Re6 39. Qc5 Bh6 40. Rd7 Bg7 41. Rad1 Qc8 42. Qa7 Rg8 43. Ng5 Rf6 44.
Nf7+ Rxf7 45. Rxf7 Qe6 46. Rdd7 Qe1+ 47. Qg1 Qe8 48. Rde7 Qd8 49. Qd4 1-0



[ePGN "0.1;DGT LiveChess/2.2.6"]

[Event "MČR juniorů a juniorek v rapid šachu 2024"]
[Site "Hotel Fit Fun, Harrachov, Czech Republic"]
[Date "2024.09.22"]
[Round "9.18"]
[White "Stary Simon"]
[Black "Vyslysel Petr"]
[Result "1-0"]
[TimeControl "20+5"]
[WhiteFideId "23734353"]
[BlackFideId "23730277"]
[WhiteElo "1866"]
[BlackElo "1678"]

1. e4 c6 2. d4 d5 3. e5 c5 4. c3 Nc6 5. Be2 cxd4 6.
cxd4 e6 7. Nf3 Qb6 8. O-O Nge7 9.
Na3 Nf5 10. Nc2 Bd7 11. g4 Nfe7 12. b3 Nb4 13. Ba3 Ng6 14. Nxb4 Bxb4 15. Bxb4 Qxb4 16. a3 Qb6 17. Qd2 O-O 18.
h4 Bb5 19. Bxb5 Qxb5 20. h5 Qxb3 21. Kg2 Ne7 22. h6 Rfc8 23. Rfb1 Qc2 24. Qg5 Qg6 25. Rxb7 Nc6 26. Qxg6 hxg6 27.
h7+ Kxh7 28. Rxf7 Rf8 29. Rc7 Nd8 30. Rh1+ Kg8 31. Kg3 Rf7 32. Rc3 Rb7 33. Rhc1 Rab8 34. R1c2 Kf8 35. Kf4 Rb3 36.
Kg5 Kf7 37. Rc7+ Kf8 38. Nh4 R8b7 39. Nxg6+ Ke8 40. Rxb7 Rxb7 41. Nf4 Rf7 42. Rc8 Kd7 43. Rc1 Nc6 44. Nxe6 Rxf2 45. Nc5+ Kc7 46. Nd3 Rd2 47. Nb4 Rxd4 48.
Rxc6+ Kb7 49. Rc3 Re4 50. Kf5 Rd4 51. Rd3 g6+ 52. Kxg6 Rxg4+ 53. Kf5 Re4 54. Rxd5 Re1 55. Rd3 a5 56.
Nd5 a4 57. e6 Kc6 58. Nb4+ Kb5 59. Rc3 Rf1 60. Kg6 Rg1+ 61. Kf7 Rf1+ 62. Ke8 Rh1 63. e7 1-0



[ePGN "0.1;DGT LiveChess/2.2.6"]

[Event "MČR juniorů a juniorek v rapid šachu 2024"]
[Site "Hotel Fit Fun, Harrachov, Czech Republic"]
[Date "2024.09.22"]
[Round "9.19"]
[White "Sknouril Jakub"]
[Black "Husa Daniel"]
[Result "1/2-1/2"]
[TimeControl "20+5"]
[WhiteFideId "23731133"]
[BlackFideId "393487"]
[WhiteElo "1806"]
[BlackElo "1866"]

1. Nf3 Nf6 2. c4 e6 3.
Nc3 d5 4. d4 c5 5. e3 Nc6 6. Be2 Be7 7. O-O O-O 8. b3 b6 9. Bb2 Bb7 10. h3 a6 11. a3 Rc8 12. dxc5 Bxc5 13.
Qc2 dxc4 14. Bxc4 b5 15. Be2 Qe7 16. b4 Bb6 17. Rac1 Rfd8 18. Rfd1 h6 1/2-1/2



[ePGN "0.1;DGT LiveChess/2.2.6"]

[Event "MČR juniorů a juniorek v rapid šachu 2024"]
[Site "Hotel Fit Fun, Harrachov, Czech Republic"]
[Date "2024.09.22"]
[Round "9.2"]
[White "Hozda Max"]
[Black "Hak David"]
[Result "0-1"]
[TimeControl "20+5"]
[WhiteFideId "23725958"]
[BlackFideId "377007"]
[WhiteElo "1939"]
[BlackElo "2103"]

1. d4 Nf6 2. Nc3 d5 3. Bf4 e6 4.
Nb5 Na6 5. e3 Ne4 6. f3 Nd6 7. Nh3 Nxb5 8. Bxb5+ Bd7 9. Bxa6 bxa6 10. O-O Be7 11. Nf2 c5 12. Nd3 c4 13. Nc5 O-O 14.
b4 a5 15. bxa5 Bxc5 16. dxc5 Qxa5 17. Bd6 Rfe8 18. Qd4 Bc6 19. h4 f6 20. f4 Qa4 21. Rf2 Rad8 22. g4 c3 23. Qxc3 e5 24.
fxe5 Qxg4+ 25. Kf1 Bb5+ 0-1



[ePGN "0.1;DGT LiveChess/2.2.6"]

[Event "MČR juniorů a juniorek v rapid šachu 2024"]
[Site "Hotel Fit Fun, Harrachov, Czech Republic"]
[Date "2024.09.22"]
[Round "9.20"]
[White "Jun Robert"]
[Black "Martinkovic Adam"]
[Result "1/2-1/2"]
[TimeControl "20+5"]
[WhiteFideId "23709510"]
[BlackFideId "23728019"]
[WhiteElo "1681"]
[BlackElo "1841"]

1. e4 c6 2. d4 d5 3. exd5 cxd5 4. c4 Nc6 5. Nf3 Nf6 6. Nc3 Bg4 7. Be3 e6 8. cxd5 Nxd5 9.
Nxd5 Qxd5 10. Be2 Bb4+ 11. Bd2 Bxd2+ 12. Qxd2 O-O 13. O-O Rfd8 14. Rfd1 Bxf3 15. Bxf3 Qxd4 16. Qc2 Qb6 17. Rac1 Nd4 18. Qc3 Nxf3+ 19. gxf3 Rxd1+ 20. Rxd1 Rd8 21. Rc1 g6 22. Qf6 Qd6 23. Rc3 e5 24. Qh4 b5 25. a3 Kg7 26. Re3 Qf6 27. Qe4 Rd1+ 28. Re1 Qd6 29.
Kg2 Rxe1 30. Qxe1 Qd4 31. Qa5 Qxb2 32. Qxa7 h5 33. Qa6 Qb3 34. Qd6 Qb2 35. Qc5 Qe2 36. Qd6 h4 37. Qe7 Qb2 38.
Qc5 Qe2 1/2-1/2



[ePGN "0.1;DGT LiveChess/2.2.6"]

[Event "MČR juniorů a juniorek v rapid šachu 2024"]
[Site "Hotel Fit Fun, Harrachov, Czech Republic"]
[Date "2024.09.22"]
[Round "9.21"]
[White "Budil Vaclav"]
[Black "Rybacek Martin"]
[Result "0-1"]
[TimeControl "20+5"]
[WhiteFideId "23776226"]
[BlackFideId "23739266"]
[WhiteElo "1697"]
[BlackElo "1831"]

1. e4 c6 2. d4 d5 3. Nc3 dxe4 4. Nxe4 Bf5 5. Ng3 Bg6 6. Nh3 e6 7. Nf4 Bd6 8. c3 Nf6 9. Nxg6 hxg6 10. Bd3 Qc7 11. Qf3 Nbd7 12.
Bd2 O-O 13. O-O-O c5 14. dxc5 Nxc5 15. Bc2 Rac8 16. h4 Bxg3 17. fxg3 Qc6 18. Qxc6 Rxc6 19. Rde1 Rd8 20. Bg5 Nd3+ 21.
Bxd3 Rxd3 22. Re3 Rcd6 23. Rhe1 Rxe3 24. Rxe3 Ng4 25. Rf3 e5 26. Kc2 e4 27. Rf1 f6 28. Bf4 Rd7 29. Rd1 Re7 30. Bd6 Ne3+ 31. Kc1 Rd7 32. Re1 Nxg2 33.
Re2 Rxd6 34. Rxg2 Rd3 35. Kc2 Kf7 36. g4 Ke6 37. h5 gxh5 38. gxh5 Kf7 39. b3 f5 40. c4 f4 41. Rg4 Rf3 42.
Kd2 Rf2+ 43. Kc3 e3 44.
Kd3 Kf6 45. Rg6+ Kf5 46. Rxg7 Rd2+ 47. Kc3 Rh2 48. Rxb7 f3 49. Kd3 e2 50. Rf7+ Kg4 51. Rxa7 e1=Q 52. Kd4 0-1



[ePGN "0.1;DGT LiveChess/2.2.6"]

[Event "MČR juniorů a juniorek v rapid šachu 2024"]
[Site "Hotel Fit Fun, Harrachov, Czech Republic"]
[Date "2024.09.22"]
[Round "9.22"]
[White "Dobsa Emma"]
[Black "Dorazilova Kristyna"]
[Result "1-0"]
[TimeControl "20+5"]
[WhiteFideId "23709391"]
[BlackFideId "23739142"]
[WhiteElo "1830"]
[BlackElo "1771"]

1. e4 e5 2. Nf3 d6 3. d4 exd4 4. Nxd4 Nf6 5. Nc3 Be7 6. Bf4 Nc6 7. Bc4 a6 8.
a4 O-O 9. Qd3 Ne5 10. Bxe5 dxe5 11. Nf3 Qxd3 12. Bxd3 Bd6 13. h3 Bd7 14. g4 Bc6 15. Ke2 Rfe8 16. Nh4 g6 17. Nf3 Rad8 18. Rhg1 Bb4 19. Nd2 Kg7 20.
h4 Bd7 21. f3 h5 22. g5 Nh7 23. Nd5 Bd6 24. Nc4 Bc6 25. Nxd6 cxd6 26. Bc4 Bxd5 27. Bxd5 a5 28. Rgd1 b6 29.
Rd2 Nf8 30. Rad1 Ne6 31. Ke3 Nf4 32. Ba2 Re7 33. Rxd6 Rb8 34. Rd7 Rb7 35. R7d6 Rb8 36. Rd8 Rbb7 37. R1d6 b5 38. Ra8 bxa4 39.
Rdd8 Nd5+ 40. Bxd5 1-0



[ePGN "0.1;DGT LiveChess/2.2.6"]

[Event "MČR juniorů a juniorek v rapid šachu 2024"]
[Site "Hotel Fit Fun, Harrachov, Czech Republic"]
[Date "2024.09.22"]
[Round "9.23"]
[White "Koranda Kosma"]
[Black "Stara Zuzana"]
[Result "1-0"]
[TimeControl "20+5"]
[WhiteFideId "23772948"]
[BlackFideId "23733543"]
[WhiteElo "1884"]
[BlackElo "1796"]

1. e4 e5 2. Nf3 Nc6 3.
Bb5 a6 4. Ba4 Nf6 5. d3 b5 6. Bb3 Bc5 7.
c3 O-O 8. Bg5 d6 9. Nbd2 h6 10. Bh4 Be6 11. Bc2 b4 12. Nf1 Rb8 13. d4 bxc3 14. bxc3 exd4 15. cxd4 Bb4+ 16. N1d2 Bc4 17.
Ba4 Na5 18. a3 Bxd2+ 19. Nxd2 g5 20. Nxc4 Nxc4 21. Bg3 Nxe4 22. O-O Nxg3 23. hxg3 Nb2 24. Qc2 Nxa4 25. Qxa4 Qf6 26. Rac1 Rfc8 27. d5 Qf5 28. Rfd1 Rb2 29.
Qd4 Ra2 30. a4 Re2 31. Rc6 Re4 32. Qd3 Re1+ 33. Kh2 Qxd3 34. Rxd3 Ra1 35. Rxa6 Ra2 36. Rf3 Re8 37. Ra7 Re7 38.
a5 Rd2 39. Rf5 Kg7 40. a6 Kg6 41. g4 Re4 42. f3 Ree2 43. Rxc7 Rxg2+ 44. Kh1 Rge2 45. Rc1 Rh2+ 46. Kg1 Rhg2+ 47. Kh1 Rc2 48. Rxc2 Rxc2 49. f4 Ra2 50. fxg5 hxg5 51. Rf1 Rxa6 52. Kg2 Ra5 53. Rf5 Ra4 54. Kg3 Ra3+ 55. Kg2 Re3 56. Kf2 Re5 57. Rxe5 dxe5 58. Ke3 Kf6 59. Ke4 Ke7 60. Kxe5 f6+ 61. Kf5 Kd6 62. Ke4 1-0



[ePGN "0.1;DGT LiveChess/2.2.6"]

[Event "MČR juniorů a juniorek v rapid šachu 2024"]
[Site "Hotel Fit Fun, Harrachov, Czech Republic"]
[Date "2024.09.22"]
[Round "9.24"]
[White "Nespora Tatana"]
[Black "Housa Jan"]
[Result "0-1"]
[TimeControl "20+5"]
[WhiteFideId "392286"]
[BlackFideId "23736356"]
[WhiteElo "1697"]
[BlackElo "1788"]

1. e4 c6 2. d4 d5 3. f3 dxe4 4. Bc4 b5 5. Bb3 Nf6 6. Nc3 exf3 7. Nxf3 Bf5 8. O-O e6 9. Nh4 Bg6 10.
Bg5 Be7 11. Nxg6 hxg6 12. Qf3 Qxd4+ 13. Be3 Qg4 14. Qf2 Nbd7 15. Rad1 Qh4 16. g3 Qh3 17. Rd2 Ne5 18. Bd4 Neg4 19. Qf3 Rc8 20. Ne4 Nxh2 21. Qf2 Qxf1+ 22. Qxf1 Nxf1 23. Nxf6+ Bxf6 24. Kxf1 Rd8 25. c3 Bxd4 26. Rxd4 Rxd4 27. cxd4 Rh2 0-1



[ePGN "0.1;DGT LiveChess/2.2.6"]